 Dungeon Crawl Stone Soup version 0.28.0-53-g5a82cb258f (webtiles) character file.

Game seed: 5722968329860648233

107 clackabat the Cudgeller (level 4, -5/28 HPs)
             Began as a Gargoyle Fighter on July 15, 2022.
             Blown up by Ijyb (14 damage)
             ... with a mindburst bolt
             ... on level 3 of the Dungeon.
             The game lasted 00:03:06 (2031 turns).

clackabat the Cudgeller (Gargoyle Fighter)          Turns: 2031, Time: 00:03:06

Health: -5/28      AC: 10    Str: 19    XL:     4   Next: 86%
Magic:  4/4        EV:  9    Int: 11    God:
Gold:   109        SH:  4    Dex:  9    Spells: 3/3 levels left

rFire   . . .      SeeInvis .   a - +0 flail
rCold   . . .      Faith    .   c - +0 buckler
rNeg    + . .      Spirit   .   b - +0 scale mail
rPois   ∞          Reflect  .   (no helmet)
rElec   +          Harm     .   (no cloak)
rCorr   .          Rampage  .   (no gloves)
Will    .....                   (no boots)
Stlth   ..........              (no amulet)
HPRegen 0.09/turn               (no ring)
MPRegen 0.09/turn               (no ring)

@: no status effects
A: sickness immunity, AC +3, negative energy resistance 1, electricity
resistance, torment resistance 1, petrification resistance
a: no special abilities


You were on level 3 of the Dungeon.
You visited 1 branch of the dungeon, and saw 3 of its levels.

You collected 109 gold pieces.

Inventory:

Hand Weapons
 a - a +0 flail (weapon)
Missiles
 g - 6 poisoned darts (quivered)
Armour
 b - a +0 scale mail (worn)
 c - a +0 buckler (worn)
Scrolls
 i - a scroll of magic mapping {unknown}
 k - a scroll of identify {unknown}
 m - a scroll of blinking {unknown}
 o - 2 scrolls of enchant weapon {unknown}
Potions
 d - a potion of might
 e - a potion of curing {unknown}
 f - 2 potions of flight {unknown}
 h - a potion of brilliance {unknown}
 j - a potion of heal wounds {unknown}
 l - 3 potions of attraction {unknown}
 n - 2 potions of haste
 p - a potion of mutation {unknown}


   Skills:
 - Level 3.2 Fighting
 * Level 4.9 Maces & Flails
 - Level 3.2 Armour
 - Level 3.2 Shields


You had 3 spell levels left.
You didn't know any spells.
Your spell library contained the following spells:

 Spells                   Type           Power      Damage    Failure   Level
 Animate Skeleton         Necr           0%         N/A       80%         1
 Apportation              Tloc           0%         N/A       80%         1
 Summon Small Mammal      Summ           0%         N/A       80%         1


Dungeon Overview and Level Annotations

Branches:
Dungeon (3/15)

Altars:
Sif Muna

Annotations:
D:3 Ijyb


Innate Abilities, Weirdness & Mutations

You are immune to sickness and miasma.
Your stone body is resilient. (AC +3)
You are immune to poison.
You resist negative energy. (rN+)
You are resistant to electric shocks. (rElec)
You are resistant to unholy torment.
You are immune to petrification.


Message History

There is an open door here.
Found 28 sling bullets.
An iguana comes into view.
The iguana hisses angrily.
An iguana is nearby!
You hit the iguana but do no damage. The iguana closely misses you.
You closely miss the iguana. The iguana misses you.
You hit the iguana but do no damage. The iguana barely misses you.
You sock the iguana!
The iguana is heavily wounded.
The iguana barely misses you. The iguana closely misses you.
You hit the iguana.
The iguana is severely wounded.
The iguana bites you but does no damage.
You barely miss the iguana.
The iguana is severely wounded.
The iguana bites you but does no damage.
You hit the iguana.
You kill the iguana!
No target in view!
No target in view!
You see here 28 sling bullets.
Ijyb the Twisted Goblin comes into view.
She is wielding a +0 club and carrying a wand of mindburst (12).
Ijyb shouts!
Ijyb zaps a wand.
Your mind is blasted!
Ouch! That really hurt!
* * * LOW HITPOINT WARNING * * *
You are too injured to fight recklessly!
You are too injured to fight recklessly!
You are too injured to fight recklessly!
Ijyb zaps a wand.
You barely resist. You block Ijyb's attack.
You hit Ijyb but do no damage. Ijyb hits you but does no damage.
You completely miss Ijyb. Ijyb barely misses you.
You closely miss Ijyb. Ijyb barely misses you.
Ijyb screams, "Get away!"
Ijyb hits you but does no damage.
You hit Ijyb but do no damage.
Ijyb zaps a wand.
Your mind is blasted!
Ouch! That really hurt!
You die...

#.# #.# #.# #.#
#.# #.# #.# #.#
#.# #.# #.# #.#
#.# #.# ##.#
#.###########.#
...#
#........@g...#
####
#############.#


You could see Ijyb.

Vanquished Creatures
  An iguana (D:3)
  An orc wizard (D:3)
  An adder (D:3)
  A worm (D:3)
  A dart slug (D:1)
  An orc (D:3)
  3 bats
  3 endoplasms (D:1)
  A giant cockroach (D:1)
  8 goblins
  2 hobgoblins
  2 quokkas (D:1)
  7 ball pythons
  2 frilled lizards (D:1)
  3 kobolds
  3 rats
40 creatures vanquished.

Vanquished Creatures (others)
  2 plants (D:1)
2 creatures vanquished.

Grand Total: 42 creatures vanquished

Notes
Turn   | Place    | Note
-------+----------+-------------------------------------------
     0 | D:1      | clackabat the Gargoyle Fighter began the quest for the Orb.
     0 | D:1      | Reached XP level 1. HP: 14/14 MP: 1/1
    95 | D:1      | Reached XP level 2. HP: 17/19 MP: 2/2
   242 | D:1      | Reached skill level 3 in Maces & Flails
   355 | D:1      | Reached XP level 3. HP: 16/23 MP: 3/3
  1357 | D:3      | Found a shimmering blue altar of Sif Muna.
  1373 | D:3      | Reached skill level 4 in Maces & Flails
  1373 | D:3      | Reached XP level 4. HP: 17/28 MP: 4/4
  2023 | D:3      | Noticed Ijyb
  2031 | D:3      | Blown up by Ijyb

Illustrated notes

Levels and vault maps discovered:
D:1:      lightli_arrival_noodles, layout_rooms, serial_bayou_pond_d
D:2:      layout_basic, hangedman_decor_riveting
D:3:      layout_basic, kennysheep_orc_sif_temple, nrook_mini_backslash,
          small_statue_intersection, uniq_ijyb

Skill      XL: |  1  2  3 |
---------------+----------+-----
Maces & Flails | 3 4 |  4.9
Fighting       | |  3.2
Armour         | |  3.2
Shields        | |  3.2

Action                   |  1- 3 |  4- 6 || total
-------------------------+-------+-------++-------
Melee: Flail             |   109 |    41 ||   150
Armor: Scale mail        |    77 |    16 ||    93
Dodge: Dodged            |    48 |    21 ||    69
Block: Buckler           |    23 |     4 ||    27
